 Dungeon Crawl Stone Soup version 0.25-a0-1133-g93ebf739aa (webtiles) character file.

Game seed: 1207989888528185270, levelgen mode: deterministic

67 Gynju the Digger (level 4, -2/26 HPs)
             Began as a Gargoyle Earth Elementalist on May 22, 2020.
             Slain by a gnoll
             ... wielding a +0 whip
              (7 damage)
             ... on level 2 of the Dungeon.
             The game lasted 00:02:24 (2314 turns).

Gynju the Digger (Gargoyle Earth Elementalist)      Turns: 2314, Time: 00:02:25

Health: -2/26      AC: 11    Str: 18    XL:     4   Next: 18%
Magic:  7/7        EV: 10    Int: 16    God:
Gold:   143        SH:  0    Dex: 10    Spells: 6/7 levels left

rFire    . . .     SeeInvis .   f - +0 mace
rCold    . . .     Gourm    .   (no shield)
rNeg     + . .     Faith    .   k - +0 scale mail
rPois    ∞         Spirit   .   m - +1 hat
rElec    +         Reflect  .   (no cloak)
rCorr    .         Harm     .   (no gloves)
MR       .....                  (no boots)
Stlth    ..........             (no amulet)
HPRegen  0.08/turn              e - +6 ring of strength
MPRegen  0.10/turn              (no ring)

@: no status effects
A: negative energy resistance 1, electricity resistance, unbreathing,
petrification resistance, rot immunity, AC +3
a: no special abilities


You were on level 2 of the Dungeon.
You were near starving.

You visited 1 branch of the dungeon, and saw 2 of its levels.

You collected 143 gold pieces.

Inventory:

Hand Weapons
 f - a +0 mace (weapon)
Missiles
 b - 97 stones (quivered)
Armour
 k - a +0 scale mail (worn)
 m - a +1 hat (worn)
Jewellery
 e - a +6 ring of strength (left hand)
Scrolls
 g - 3 scrolls of identify {unknown}
 h - a scroll of fear {unknown}
 l - a scroll of remove curse {unknown}
Potions
 c - a potion of degeneration {unknown}
 i - a potion of curing {unknown}
 j - a potion of resistance {unknown}
Comestibles
 d - 4 rations


   Skills:
 + Level 1.8 Fighting
 + Level 1.7 Maces & Flails
 + Level 1.9 Armour
 - Level 1.5 Dodging
 - Level 2.1 Stealth
 - Level 2.2 Spellcasting
   Level 0.7 Transmutations
 - Level 3.9 Earth Magic


You had 6 spell levels left.
You knew the following spells:

 Your Spells              Type           Power        Failure   Level  Hunger
a - Sandblast             Erth           ##....       13%         1    #......

Your spell library contained the following spells:

 Spells                   Type           Power        Failure   Level  Hunger
 Passwall                 Tmut/Erth      #.......     36%         2    ###....
 Stone Arrow              Conj/Erth      #.....       65%         3    ###....
 Petrify                  Tmut/Erth      #.......     94%         4    #####..
 Lee's Rapid Deconstruct  Erth           ##........   98%         5    ######.


Dungeon Overview and Level Annotations

Branches:
Dungeon (2/15)

Altars:
Nemelex Xobeh
Sif Muna
Zin


Innate Abilities, Weirdness & Mutations

You are resistant to torment.
Your stone body is resilient. (AC +3)
You are immune to poison.
You resist negative energy. (rN+)
You are resistant to electric shocks. (rElec)
You can survive without breathing.
You are immune to petrification.
You are immune to rotting.


Message History

The gnoll is moderately wounded.
The gnoll hits you but does no damage.
You closely miss the gnoll.
The gnoll is moderately wounded.
The gnoll hits you with a +0 whip.
You hit the gnoll.
The gnoll is heavily wounded.
The gnoll hits you with a +0 whip. The gnoll misses you.
You barely miss the gnoll.
The gnoll is heavily wounded.
The gnoll closely misses you.
You closely miss the gnoll.
The gnoll is heavily wounded.
The gnoll hits you with a +0 whip.
You hit the gnoll but do no damage.
The gnoll is heavily wounded.
The gnoll hits you with a +0 whip.
* * * LOW HITPOINT WARNING * * *
The gnoll hits you with a +0 whip!
You die...

#.#............#
#.#.###.#
#.#.#.###..#####
#.#.###.#
#.............#
#.#..##.#
#.#.#.#.......#
#.##.##.#
#.#.#.#.......#
#.##.##.#
#.....#.......#
#.......#
###...........#
####.####
#...###g###.# #..#
#.#.# #@# #.# #.##
#.#.###.###.# #.#
#...+.._..'.# #.#
##..#######.# #.#
#..# ### #.######.#
#..#######........#
#..........########
###...#.#.##
##......#


You could see a gnoll.

Vanquished Creatures
  A gnoll (D:2)
  An adder (D:2)
  A worm (D:2)
  A dart slug (D:2)
  A leopard gecko (D:2)
  2 giant cockroaches
  3 goblins
  4 hobgoblins
  4 jackals (D:1)
  7 kobolds
  A quokka (D:2)
  A ball python (D:2)
  6 bats (D:2)
  2 frilled lizards
  7 rats
42 creatures vanquished.

Notes
Turn   | Place    | Note
-------+----------+-------------------------------------------
     0 | D:1      | Gynju the Gargoyle Earth Elementalist began the quest for
                  | the Orb.
     0 | D:1      | Reached XP level 1. HP: 10/10 MP: 3/3
   107 | D:1      | Found a sparkling altar of Nemelex Xobeh.
   306 | D:1      | Reached XP level 2. HP: 15/15 MP: 5/5
  1094 | D:2      | Reached skill level 1 in Armour
  1102 | D:2      | Reached skill level 1 in Fighting
  1102 | D:2      | Reached skill level 1 in Maces & Flails
  1102 | D:2      | Reached XP level 3. HP: 16/20 MP: 6/6
  1249 | D:2      | Found a glowing silver altar of Zin.
  1783 | D:2      | Found a shimmering blue altar of Sif Muna.
  2278 | D:2      | Reached XP level 4. HP: 24/26 MP: 7/7
  2314 | D:2      | Slain by a gnoll

Illustrated notes

Levels and vault maps discovered:
D:1:      dpeg_arrival_stonehenge_8_columns, layout_basic,
          nemelex_xobeh_ov_fountains_minmay
D:2:      layout_loops_cross, lemuel_doored_altar, led_sif_pool

Skill      XL: |  1  2 |
---------------+-------+-----
Armour         | 1 |  1.9
Fighting       | 1 |  1.8
Maces & Flails | 1 |  1.7
Dodging        | |  1.5
Stealth        | |  2.1
Spellcasting   | |  2.2
Transmutations | |  0.7
Earth Magic    | |  3.9

Action                   |  1- 3 |  4- 6 || total
-------------------------+-------+-------++-------
Melee: Mace              |   145 |    13 ||   158
       Unarmed           |     3 |       ||     3
  Eat: Chunk             |     3 |       ||     3
Armor: Robe              |     2 |       ||     2
       Scale mail        |   105 |     1 ||   106
Dodge: Dodged            |   120 |     7 ||   127

Table legend:
 A = Non-vault XP
 B = Vault XP
 C = Vault XP percentage of total XP
 D = Non-vault monster count
 E = Vault monster count
 F = Vault count percentage of total count
                 A         B        C        D         E       F
            +---------+---------+-------+---------+---------+-------
      Total |      97 |       0 |   0.0 |      42 |       0 |   0.0
            +---------+---------+-------+---------+---------+-------
        D:1 |      27 |       0 |   0.0 |      16 |       0 |   0.0
        D:2 |      70 |       0 |   0.0 |      26 |       0 |   0.0
            +---------+---------+-------+---------+---------+-------
